 Dungeon Crawl Stone Soup version 0.30.0-5-g1a98f26d00 (webtiles) character file.

Game seed: 7928980143491542355

77154 Daunt the Nimble (level 16, -14/92 HPs)
             Began as a Kobold Air Elementalist on May 8, 2023.
             Was the Champion of Hepliaklqana.
             Shot with an arrow by a centaur warrior (18 damage)
             ... on level 13 of the Dungeon.
             The game lasted 02:31:35 (27974 turns).

Daunt the Nimble (Kobold Air Elementalist)         Turns: 27974, Time: 02:31:35

Health: -14/92     AC: 10    Str:  7    XL:     16   Next: 4%
Magic:  29/29      EV: 21    Int: 25    God:    Hepliaklqana [******]
Gold:   864        SH: 10    Dex: 17    Spells: 20/33 levels left

rFire   . . .        a - +6 quick blade (drain)
rCold   + . .        X - +0 buckler
rNeg    . . .        E - +1 leather armour {Will+}
rPois   +            d - +2 hat of Day {Int+4}
rElec   .            (no cloak)
rCorr   .            (no gloves)
SInv    .            S - +2 pair of boots
Will    ++...        C - amulet of reflection
Stlth   ++++++       h - ring of poison resistance
HPRegen 0.35/turn    V - ring of protection from cold
MPRegen 0.21/turn

%: reflection
@: about to teleport
A: reduced essence, small, no large weapons, nightstalker 3
a: Renounce Religion, Recall Ancestor, Ancestor Identity, Transference, Idealise


You were on level 13 of the Dungeon.
You worshipped Hepliaklqana.
Hepliaklqana was exalted by your worship.
You visited 3 branches of the dungeon, and saw 19 of its levels.

You collected 1186 gold pieces.
You spent 322 gold pieces at shops.

Inventory:

Hand Weapons
 a - a +6 quick blade of draining (weapon)
Missiles
 c - 40 poisoned darts
 e - 7 boomerangs of dispersal
 f - 3 curare-tipped darts
 H - 6 atropa-tipped darts
Armour
 d - the +2 hat of Day (worn) {Int+4}
   (You found it on level 4 of the Dungeon)

   Int:       It affects your intelligence (+4).
 A - a +2 leather armour of cold resistance
 E - a +1 leather armour of willpower (worn)
 N - the sphere of Battle
   (You found it on level 9 of the Dungeon)

   It enhances your destructive magic.
   It weakens your non-destructive magic.
   It summons a battlesphere in combat, with strength depending on Conjurations
   skill.
 S - a +2 pair of boots (worn)
 X - a +0 buckler (worn)
 Z - +0 acid dragon scales
Magical Staves
 b - a staff of air
Jewellery
 h - a ring of poison resistance (left hand)
 k - a ring of fire
 x - a ring of wizardry
 C - an amulet of reflection (around neck)
 V - a ring of protection from cold (right hand)
 W - a ring of positive energy
 Y - a ring of flight
Wands
 n - a wand of light (10)
 F - a wand of charming (6)
 J - a wand of mindburst (15)
 K - a wand of flame (24)
Scrolls
 g - 4 scrolls of fog
 j - 3 scrolls of teleportation
 m - 4 scrolls of magic mapping
 p - 2 scrolls of immolation
 r - 3 scrolls of enchant armour
 B - a scroll of blinking
 G - 2 scrolls of poison
 L - 2 scrolls of amnesia
 Q - a scroll of vulnerability
Potions
 l - 2 potions of brilliance
 o - 7 potions of curing
 q - 5 potions of heal wounds
 s - 6 potions of attraction
 t - 2 potions of resistance
 u - 2 potions of flight
 v - 3 potions of might
 w - 2 potions of haste
 D - 4 potions of ambrosia {unknown}
 M - 2 potions of invisibility
 O - 2 potions of lignification
 P - a potion of magic
 T - 3 potions of degeneration {unknown}
Miscellaneous
 i - a phial of floods
 R - a lightning rod (4/4)


   Skills:
 - Level 12.6 Fighting
 - Level 12.4 Short Blades
 - Level 5.7 Armour
 - Level 13.0 Dodging
 - Level 12.6 Stealth
 - Level 4.0 Shields
 - Level 9.0 Spellcasting
 - Level 6.0 Conjurations
 + Level 3.8 Hexes
 - Level 10.0 Air Magic
 - Level 10.0 Evocations


You had 20 spell levels left.
You knew the following spells:

 Your Spells              Type           Power      Damage    Failure   Level
a - Shock                 Conj/Air       100%       1d9       1%          1
b - Static Discharge      Conj/Air       100%       2-7/arc   1%          2
c - Confusing Touch       Hex            30%        N/A       8%          3
k - Airstrike             Air            28%        2d(5-21)  1%          4
w - Swiftness             Air            57%        N/A       1%          3

Your spell library contained the following spells:

 Spells                   Type           Power      Damage    Failure   Level
 Kiss of Death            Conj/Necr      100%       2d13      3%          1
 Ensorcelled Hibernation  Hex/Ice        40%        N/A       9%          2
 Apportation              Tloc           22%        N/A       12%         1
 Beastly Appendage        Tmut           22%        N/A       12%         1
 Inner Flame              Hex/Fire       20%        N/A       16%         3
 Portal Projectile        Hex/Tloc       40%        N/A       16%         3
 Scorch                   Fire           22%        2d5       19%         2
 Wereblood                Tmut           11%        N/A       19%         2
 Cause Fear               Hex            15%        N/A       24%         4
 Call Canine Familiar     Summ           11%        N/A       34%         3
 Spider Form              Tmut/Pois      11%        N/A       34%         3
 Flame Wave               Conj/Fire      26%        2d8       34%         4
 Sticky Flame             Conj/Fire      26%        2d5       34%         4
 Anguish                  Hex/Necr       10%        N/A       47%         4
 Leda's Liquefaction      Hex/Erth       10%        N/A       47%         4
 Animate Dead             Necr           11%        N/A       75%         4
 Dispel Undead            Necr           11%        3d9       75%         4
 Manifold Assault         Tloc           11%        N/A       75%         4
 Summon Ice Beast         Ice/Summ       11%        N/A       75%         4
 Summon Mana Viper        Hex/Summ       20%        N/A       83%         5
 Alistair's Intoxication  Tmut/Pois      7%         N/A       97%         5
 Lee's Rapid Deconstruct  Erth           5%         3d6*      97%         5
 Dispersal                Tloc           5%         N/A       100%        6
 Statue Form              Tmut/Erth      7%         N/A       100%        6
 Summon Cactus Giant      Summ           5%         N/A       100%        6
 Enfeeble                 Hex            15%        N/A       100%        7
 Haunt                    Necr/Summ      5%         N/A       100%        7
 Monstrous Menagerie      Summ           5%         N/A       100%        7
 Disjunction              Tloc           5%         N/A       100%        8
 Infestation              Necr           5%         N/A       100%        8


Dungeon Overview and Level Annotations

Branches:
Dungeon (13/15)            Temple (1/1) D:5            Lair (5/5) D:11
  Swamp (0/4) Lair:2       Spider (0/4) Lair:3        Slime (0/5) Lair:4
    Orc (0/2) D:12
 Vaults: D:13-14

Altars:
Ashenzari
Cheibriados
Dithmenos
Elyvilon
Fedhas
Gozag
Hepliaklqana
Kikubaaqudgha
Makhleb
Nemelex Xobeh
Okawaru
Qazlal
Sif Muna
Trog
Uskayaw
Vehumet
Wu Jian
Xom
Zin
The Shining One

Shops:
D:8 ?

Portals:
Trove: D:10 (give 8 scrolls of fear)

Annotations:
D:3 Grinder, Sigmund
D:10 1 runed translucent door, Valagong's ghost, novice MiFi
D:11 6 transporters
Lair:2 3 runed translucent doors


Innate Abilities, Weirdness & Mutations

Your life essence is reduced to manifest your ancestor. (-10% HP)
You are small and have problems with some larger weapons.
You are completely attuned to the shadows.


Message History

As you read the scroll of enchant weapon, it crumbles to dust.
Your +3 quick blade of draining glows red for a moment.
As you read the scroll of enchant weapon, it crumbles to dust.
Your +4 quick blade of draining glows red for a moment.
As you read the scroll of enchant weapon, it crumbles to dust.
Your +5 quick blade of draining glows red for a moment.
No previous command to re-do.
You now have 864 gold pieces (gained 24).
Things that are here:
a +0 club; a +0 leather armour A centaur warrior comes into view.
The centaur warrior shouts!
You hear two shouts!
You hear a roar!
You hear a shout!
You hear two shouts!
You hear a shout!
The centaur warrior wields a +0 longbow of electrocution.
You hear the crackle of electricity.
The centaur warrior shoots an arrow.
The arrow hits you!!
The centaur warrior shoots an arrow.
The arrow hits you.
Unknown command.
The centaur warrior shoots an arrow.
The arrow misses you.
The centaur warrior shoots an arrow.
The arrow hits you!!
A two-headed ogre comes into view.
It is wielding a +0 giant club and a +0 giant spiked club.
The centaur warrior shoots an arrow.
The arrow hits you!
Unknown command.
A four-headed hydra comes into view.
The centaur warrior unwields a +0 longbow of electrocution.
It stops crackling.
The centaur warrior hits you but does no damage.
The centaur warrior closely misses you.
A two-headed ogre comes into view. It is wielding two +0 giant clubs.
As you read the scroll of teleportation, it crumbles to dust.
You feel strangely unstable. The centaur warrior closely misses you.
You block the centaur warrior's attack.
Unknown command.
Unknown command.
The centaur warrior wields a +0 longbow of electrocution.
You hear the crackle of electricity.
The centaur warrior shoots an arrow.
The arrow hits you!!
* * * LOW HITPOINT WARNING * * *
You are electrocuted!!
You die...

##### #8..####
#......#....#
#......##OD.#
##...#...#...##
#....#...#cO..#
#...##...##.R.#
#...#.....#.@.#
#...#.....#...#
#...#.....#...#
#...#†)8.†#...#
#...#.....#...#
#...#.)...#...#
#...#.....#...#
#...##)).##...#
#....#...#....#


You could see the friendly Lucius the hexer, a four-headed hydra, a centaur
warrior (ally target) and 2 two-headed ogres.

Vanquished Creatures
  The ghost of Nubia the Covert, a journeyman GnEn (Lair:4)
  A fire dragon (Lair:5)
  A hydra (Lair:5)
  A vault guard (D:13)
  An ogre mage (D:10)
  3 two-headed ogres
  A boulder beetle (D:12)
  10 death yaks
  A tengu warrior (D:12)
  Amaemon (Lair:1)
  2 skysharks
  A necromancer (D:13)
  2 lindwurms
  2 wizards (D:13)
  Pikel (D:6)
  2 cyclopes
  2 ugly things
  A manticore (D:10)
  17 elephants
  11 cane toads
  4 black mambas
  2 molten gargoyles (Lair:5)
  12 komodo dragons
  A tengu conjurer (D:9)
  A freezing wraith (D:13)
  3 meliai (D:13)
  3 trolls
  A hornet (D:8)
  5 dream sheep (Lair:4)
  6 blink frogs
  4 slime creatures (D:12)
  3 culicivoras (Lair:3)
  2 shadows
  6 wyverns
  Eustachio (D:5)
  36 yaks
  A wraith (D:12)
  14 humans
  8 vampire mosquitoes
  3 steam dragons
  4 hell hounds (Lair:5)
  3 acid dragons
  Duvessa (D:6)
  7 water moccasins
  An orc warrior (D:7)
  3 black bears
  An ice beast (D:6)
  10 wolves
  An ogre (D:7)
  8 centaurs
  3 lemures (D:5)
  3 phantoms
  A kobold brigand (D:10)
  8 bullfrogs
  2 scorpions (D:4)
  4 wights (D:7)
  3 troll zombies (D:12)
  Dowan (D:6)
  3 killer bees (D:9)
  An electric eel (D:7)
  8 howler monkeys
  4 lava snakes (Lair:5)
  5 hounds
  3 jellies
  5 orc priests
  A gnoll bouda (D:6)
  4 iguanas
  6 orc wizards
  Natasha (D:3)
  2 sleepcaps (D:4)
  4 ogre zombies (D:12)
  10 gnolls
  6 adders
  A shadow imp (D:7)
  3 white imps
  A dart slug (D:1)
  38 orcs
  9 endoplasms
  A giant cockroach (D:1)
  7 goblins
  A hobgoblin (D:4)
  7 jackals
  4 quokkas
  5 ball pythons
  8 bats
  3 frilled lizards
  A goblin skeleton (D:12)
  A goblin zombie (D:12)
  3 hobgoblin zombies (D:12)
  20 kobolds
  2 orc skeletons (D:12)
  9 orc zombies (D:12)
  4 rats
  A fire vortex (Lair:4)
434 creatures vanquished.

Vanquished Creatures (collateral kills)
  Gastronok (Lair:3)
  An ogre mage (D:10)
  A catoblepas (Lair:5)
  A hydra (Lair:1)
  Erica (Lair:2)
  2 two-headed ogres
  3 death yaks
  A skyshark (Lair:4)
  3 oklob plants
  11 elephants
  2 black mambas (Lair:5)
  A gargoyle (D:12)
  8 cane toads
  An orange demon (Lair:1)
  3 komodo dragons
  An unseen horror (D:12)
  6 blink frogs
  2 dream sheep (Lair:4)
  A culicivora (Lair:3)
  A slime creature (D:12)
  8 humans
  A basilisk (Lair:4)
  17 yaks
  A vampire mosquito (D:7)
  Menkaure (D:6)
  5 water moccasins
  A swamp drake (Lair:2)
  An orc warrior (D:9)
  6 wolves
  A centaur (D:12)
  2 kobold brigands
  2 bullfrogs
  3 killer bees (D:9)
  2 howler monkeys (D:12)
  A lava snake (Lair:5)
  A jelly (Lair:4)
  3 orc priests
  A gnoll bouda (D:9)
  3 orc wizards
  An ogre zombie (D:12)
  A shadow imp (D:7)
  2 ufetubi (D:7)
  9 orcs
  An endoplasm (Lair:4)
  2 kobolds
  A goblin skeleton (D:12)
  2 hobgoblin zombies (D:12)
  An orc skeleton (D:12)
  5 orc zombies (D:12)
136 creatures vanquished.

Vanquished Creatures (others)
  A black mamba (Lair:5)
  18 hexers
  5 ancestors
24 creatures vanquished.

Grand Total: 594 creatures vanquished

Notes
Turn   | Place    | Note
-------+----------+-------------------------------------------
     0 | D:1      | Daunt the Kobold Air Elementalist began the quest for the
                  | Orb.
     0 | D:1      | Reached XP level 1. HP: 10/10 MP: 3/3
   250 | D:1      | Reached XP level 2. HP: 15/15 MP: 0/5
   610 | D:1      | Learned a level 2 spell: Static Discharge
   749 | D:1      | Reached skill level 1 in Fighting
   749 | D:1      | Reached XP level 3. HP: 20/20 MP: 0/6
  1806 | D:2      | Learned a level 3 spell: Swiftness
  1826 | D:2      | Reached XP level 4. HP: 25/25 MP: 3/7
  2251 | D:3      | Noticed Grinder
  2686 | D:3      | Reached XP level 5. HP: 6/29 MP: 3/8
  2731 | D:3      | Noticed Sigmund
  3105 | D:4      | Reached XP level 6. HP: 29/34 MP: 1/9
  3209 | D:4      | Found a radiant altar of Vehumet.
  3339 | D:3      | Noticed Natasha
  3342 | D:3      | Killed Natasha
  4030 | D:4      | Identified the +2 hat of Day {Int+4}
  4130 | D:5      | Entered Level 5 of the Dungeon
  4141 | D:5      | Found a staircase to the Ecumenical Temple.
  4145 | D:5      | Reached skill level 3 in Dodging
  4148 | Temple   | Entered the Ecumenical Temple
  4449 | Temple   | Became a worshipper of Hepliaklqana the Forgotten
  4798 | D:5      | Reached XP level 7. HP: 38/38 MP: 2/10
  5054 | D:5      | Reached skill level 5 in Air Magic
  5410 | D:5      | Noticed Pikel
  5534 | D:5      | Reached skill level 1 in Short Blades
  5553 | D:5      | Reached * piety under Hepliaklqana
  5846 | D:5      | Reached skill level 4 in Dodging
  5846 | D:5      | Reached XP level 8. HP: 24/40 MP: 10/12
  6028 | D:5      | Noticed Eustachio
  6037 | D:5      | Killed Eustachio
  6038 | D:5      | Reached skill level 5 in Stealth
  6090 | D:5      | Found a stormy altar of Qazlal.
  6091 | D:5      | Found an iron altar of Okawaru.
  6095 | D:5      | Found an opulent altar of Gozag.
  6096 | D:5      | Found a shimmering altar of Xom.
  6102 | D:5      | Found an ornate altar of the Wu Jian Council.
  6104 | D:5      | Found a white marble altar of Elyvilon.
  6105 | D:5      | Found a blossoming altar of Fedhas.
  6107 | D:5      | Found a broken altar of Ashenzari.
  6681 | D:6      | Killed Pikel
  6682 | D:6      | Reached skill level 5 in Dodging
  6682 | D:6      | Reached XP level 9. HP: 40/46 MP: 2/13
  6812 | D:6      | Found a sparkling altar of Nemelex Xobeh.
  6888 | D:6      | Reached skill level 5 in Short Blades
  7023 | D:6      | Reached skill level 6 in Dodging
  7041 | D:6      | Learned a level 4 spell: Airstrike
  7329 | D:6      | Noticed Menkaure
  7340 | D:6      | Killed Menkaure
  7341 | D:6      | Reached skill level 5 in Fighting
  8037 | D:6      | Noticed Duvessa
  8040 | D:6      | Noticed Dowan
  8047 | D:6      | Killed Dowan
  8053 | D:6      | Killed Duvessa
  8201 | D:6      | Reached skill level 7 in Dodging
  8500 | D:7      | Reached XP level 10. HP: 51/54 MP: 1/14
  8673 | D:7      | Noticed a two-headed ogre
  8883 | D:7      | Reached ** piety under Hepliaklqana
  9813 | D:7      | Killed a two-headed ogre
  9955 | D:8      | Upgraded the game from 0.30.0-3-ga4e48a9924 to
                  | 0.30.0-5-g1a98f26d00
 10058 | D:8      | Reached skill level 10 in Short Blades
 10639 | D:8      | Found Koefev's Magic Scroll Boutique.
 10642 | D:8      | Bought a scroll of fog for 56 gold pieces
 10642 | D:8      | Bought a scroll of fear for 56 gold pieces
 10642 | D:8      | Bought a scroll of blinking for 105 gold pieces
 10642 | D:8      | Bought a scroll of magic mapping for 105 gold pieces
 10887 | D:9      | Noticed a two-headed ogre
 10948 | D:9      | Reached XP level 11. HP: 57/57 MP: 15/15
 10957 | D:9      | Found the sphere of Battle
 11135 | D:9      | Reached *** piety under Hepliaklqana
 11213 | D:9      | Noticed a cyclops
 11375 | D:8      | Remembered your ancestor Lucius as a hexer
 11600 | D:9      | Killed a two-headed ogre
 11601 | D:9      | Reached skill level 1 in Armour
 11882 | D:9      | You fall into a shaft and drop 3 floors!
 12044 | D:12     | Noticed a boulder beetle
 12059 | D:12     | Noticed a green ugly thing
 12068 | D:12     | Killed a green ugly thing
 12069 | D:12     | Reached skill level 1 in Evocations
 12223 | D:11     | Found a transporter.
 12244 | D:10     | Entered Level 10 of the Dungeon
 12696 | D:9      | Killed a cyclops
 12720 | D:9      | Noticed a two-headed ogre
 12993 | D:9      | Killed a two-headed ogre
 13286 | D:10     | Found a portal to a secret trove of treasure.
 13344 | D:10     | Reached **** piety under Hepliaklqana
 13359 | D:10     | Reached skill level 5 in Conjurations
 13474 | D:10     | Noticed a red ugly thing
 13483 | D:10     | Killed a red ugly thing
 13727 | D:10     | Found a runed translucent door.
 13732 | D:10     | Noticed Valagong's ghost (novice MiFi)
 13734 | D:10     | Identified the +8 trident of the Gibberer {protect, rPois
                  | SInv}
 13738 | D:10     | Noticed a spriggan rider
 13825 | D:10     | Noticed an ogre mage
 13825 | D:10     | Noticed an ogre mage
 13828 | D:10     | Noticed a manticore
 13829 | D:10     | Killed an ogre mage
 13832 | D:10     | Noticed a cyclops
 13837 | D:10     | Killed an ogre mage
 13838 | D:10     | Reached skill level 5 in Spellcasting
 13971 | D:10     | Killed a manticore
 13972 | D:10     | Reached skill level 5 in Evocations
 13972 | D:10     | Reached XP level 12. HP: 64/64 MP: 15/19
 14173 | D:11     | Found a transporter.
 14206 | D:11     | Found a transporter.
 14229 | D:11     | Found a transporter.
 14230 | D:11     | Found a transporter.
 14345 | D:11     | Noticed a two-headed ogre
 14365 | D:11     | Killed a two-headed ogre
 14391 | D:11     | Found a transporter.
 14430 | D:11     | Reached skill level 10 in Stealth
 14630 | D:11     | Found a staircase to the Lair.
 14944 | Lair:1   | Entered Level 1 of the Lair of Beasts
 14957 | Lair:1   | Reached skill level 10 in Air Magic
 15046 | Lair:1   | Noticed Amaemon
 15055 | Lair:1   | Killed Amaemon
 15265 | Lair:1   | Noticed an eight-headed hydra
 15271 | Lair:1   | Killed an eight-headed hydra
 15871 | Lair:1   | Reached XP level 13. HP: 65/69 MP: 21/25
 16101 | Lair:1   | Reached skill level 8 in Dodging
 16314 | Lair:2   | Noticed Erica
 16317 | Lair:2   | Killed Erica
 16533 | Lair:2   | Reached ***** piety under Hepliaklqana
 16629 | Lair:2   | Found a runed translucent gate.
 16630 | Lair:2   | Found a runed translucent gate.
 16649 | Lair:2   | Reached skill level 9 in Dodging
 16867 | Lair:2   | Found a staircase to the Swamp.
 17168 | Lair:2   | Reached skill level 10 in Dodging
 17323 | Lair:2   | Found a runed translucent gate.
 18041 | Lair:3   | Found a hole to the Spider Nest.
 18055 | Lair:3   | Reached skill level 11 in Dodging
 18585 | Lair:3   | Noticed Gastronok
 18621 | Lair:3   | Killed Gastronok
 19271 | Lair:4   | Reached skill level 12 in Dodging
 19281 | Lair:4   | Found a runed translucent door.
 19281 | Lair:4   | Noticed Nubia's ghost (journeyman GnEn)
 19308 | Lair:4   | Reached XP level 14. HP: 77/77 MP: 24/26
 19370 | Lair:4   | Found a staircase to the Slime Pits.
 20025 | Lair:4   | Reached skill level 10 in Fighting
 20088 | Lair:5   | Entered Level 5 of the Lair of Beasts
 20201 | Lair:4   | Reached skill level 13 in Dodging
 20862 | Lair:4   | Killed Nubia's ghost
 21592 | Lair:4   | Reached skill level 10 in Evocations
 21850 | Lair:4   | Found a blossoming altar of Fedhas.
 22293 | Lair:5   | Reached XP level 15. HP: 34/86 MP: 8/27
 23352 | Lair:5   | Reached skill level 5 in Armour
 24904 | Lair:5   | Found a large runed translucent door.
 25096 | Lair:5   | Found a large runed translucent door.
 25441 | D:12     | Reached skill level 1 in Shields
 25701 | D:12     | Found a staircase to the Orcish Mines.
 26524 | D:12     | Reached ****** piety under Hepliaklqana
 27279 | D:13     | Learned a level 3 spell: Confusing Touch
 27372 | D:13     | Reached skill level 1 in Hexes
 27882 | D:13     | Reached XP level 16. HP: 92/92 MP: 26/29
 27974 | D:13     | HP: 4/92 [centaur warrior/arrow (25)]
 27974 | D:13     | Shot with an arrow by a centaur warrior

Illustrated notes

Levels and vault maps discovered:
D:1:      sevenhm_arrival_forest_fort_small_5, layout_basic
D:2:      minmay_inner_zag, layout_rooms
D:3:      layout_basic, uniq_natasha, uniq_sigmund, uniq_grinder
D:4:      layout_loops_cross, nicolae_vehumet_altar_sigil,
          nicolae_overflow_hidden_temple, hellmonk_no_cap
D:5:      layout_layer_cave, nicolae_overflow_hallway_of_the_gods,
          minmay_temple_entry_statues_pillars, minmay_misc_feat_five,
          uniq_eustachio, uniq_pikel
D:6:      layout_layer_cave, nemelex_diamond_rough_becter,
          kennysheep_pointless_box, uniq_duvessa, uniq_menkaure
D:7:      layout_basic, serial_demonic, serial_demonic_f, serial_demonic_g,
          serial_demonic_f, serial_demonic_b, serial_demonic_f
D:8:      layout_loops_cross, serial_shops, nicolae_shop_rolled_up,
          hangedman_decor_opposing
D:9:      layout_basic, hellmonk_guarded_unrand_sphere_of_battle
D:10:     minmay_blocky_corners, layout_small_grid, ebering_ghost_funeral_grove,
          enter_trove_2
D:11:     layout_loops_cross, lair_entry_dummy, serial_nicolae_subway,
          nicolae_sub_station_crystal, nicolae_sub_station_metal,
          nicolae_sub_station_stone
D:12:     layout_stronghold, zombieorc2_lemuel, st_stairs_11
D:13:     kennysheep_spiral_hall, layout_loops_ring, grunt_vaults_entry_tiered
Temple:   nicolae_temple_bog_church
Lair:1:   layout_long_grid, uniq_amaemon
Lair:2:   layout_layer_cave, minmay_swamp_entry_reptiles,
          gammafunk_ghost_necromancy, chequers_serial_rivers_large_a,
          beast_lair_carwin_5, infiniplex_staircase_pool_2, uniq_erica
Lair:3:   dpeg_oklob_gauntlet, layout_big_grid,
          hellmonk_spider_entry_life_and_decay, serial_bayou_pond_b,
          serial_bayou_shore_a, serial_bayou_shore_b, uniq_gastronok
Lair:4:   slaughterhouse, layout_gridlike, nicolae_slime_entry_slimehenge,
          gammafunk_ghost_grave, tgw_fedhas
Lair:5:   cheibrodos_lair_end_hotspot, layout_regular_city

Skill      XL: |  1  2  3  4  5  6  7  8  9 10 11 12 13 14 15 |
---------------+----------------------------------------------+-----
Stealth        | 3 4 6 8 9 10 11 12 | 12.6
Fighting       | 1 2 4 6 7 9 11 12 | 12.6
Conjurations   | 2 3 4 5 6 |  6.0
Air Magic      | 4 5 9 10 | 10.0
Dodging        | 3 4 5 7 12 13 | 13.0
Spellcasting   | 3 5 8 9 |  9.0
Short Blades   | 2 4 7 10 11 12 | 12.4
Armour         | 3 4 5 |  5.7
Evocations     | 5 7 9 10 | 10.0
Shields        | 4 |  4.0
Hexes          | 3 |  3.8

Action                     |  1- 3 |  4- 6 |  7- 9 | 10-12 | 13-15 | 16-18 || total
---------------------------+-------+-------+-------+-------+-------+-------++-------
  Melee: Dagger            |    18 |       |       |       |       |       ||    18
         Staff             |       |    19 |     4 |     5 |       |       ||    28
         Short sword       |       |    15 |    51 |   109 |       |       ||   175
         Punch             |       |       |     1 |       |       |       ||     1
         Quick blade       |       |       |       |   182 |  1014 |    11 ||  1207
   Cast: Shock             |    61 |    73 |    81 |   122 |   294 |     4 ||   635
         Static Discharge  |     2 |    18 |    54 |    55 |   121 |       ||   250
         Airstrike         |       |       |       |     5 |     3 |       ||     8
         Swiftness         |       |       |       |     1 |     4 |       ||     5
         Confusing Touch   |       |       |       |       |     2 |       ||     2
 Invoke: Recall Ancestor   |       |       |     1 |     3 |     5 |       ||     9
         Ancestor Life: He |       |       |       |     1 |       |       ||     1
  Evoke: Wand              |       |       |       |       |     1 |       ||     1
    Use: Potion            |       |     1 |       |     1 |       |       ||     2
         Scroll            |       |       |     5 |    11 |    12 |     4 ||    32
   Stab: Sleeping          |       |       |     6 |    31 |    39 |     1 ||    77
         Distracted        |       |       |     1 |     1 |    23 |       ||    25
         Confused          |       |       |       |    19 |    31 |     3 ||    53
         Paralysed         |       |       |       |       |    20 |     2 ||    22
 Armour: Robe              |     8 |     3 |       |       |       |       ||    11
         Leather armour    |       |     2 |    21 |     9 |    74 |     2 ||   108
         Steam dragon scal |       |       |       |    22 |    24 |       ||    46
  Dodge: Dodged            |    24 |    24 |    68 |   150 |   440 |     4 ||   710
  Block: Other             |       |       |    12 |    11 |       |       ||    23
         Orb               |       |       |       |    21 |    85 |       ||   106
         Reflection        |       |       |       |     4 |     7 |       ||    11
         Buckler           |       |       |       |       |    60 |     2 ||    62
